AoeStats
← Khirs

Black Forest

504571595Analyzed
4v4 RM · 27d ago on Sep 5, 2026· 73m 58s· 8 players
Game mode
Random Map
Map size
Large (8 player)
Population
200
Speed
Normal
Resources
Standard
Victory
Conquest
Starting age
Dark Age
Ending age
Imperial Age
RankedLock teamsTeams togetherTeam positionsShared explorationLock speedFull tech treeHidden civsTurbo modeCheats
Victory
Defeat
🇧🇷 Huns · Brazil
866
+16
🇦🇷 Bohemians · Argentina
857
+16
🇧🇷 Italians · Brazil
837
+17
🇧🇷 Romans · Brazil
816
+18
🇪🇸 Teutons · Spain
889
-19
🇩🇪 Franks · Germany
861
-17
🇩🇪 Franks · Germany
854
-16
🇩🇪 Bulgarians · Germany
820
-24
Carpeado BR
0:27 Loom
10:27 Feudal Age
14:26 Double-Bit Axe
19:08 Castle Age
17:39 Horse Collar
18:05 Gold Mining
18:26 Stone Mining
20:36 Wheelbarrow
22:04 Bow Saw
22:39 Fishing Lines
24:40 Gillnets
33:27 Imperial Age
35:22 Ballistics
35:00 Murder Holes
35:49 Stone Shaft Mining
35:42 Thumb Ring
35:01 Pikeman
35:43 Squires
36:53 Chemistry
36:27 Hand Cart
35:58 Town Watch
36:18 Heavy Plow
37:36 Pirotechnia
38:02 Hoardings
38:29 Masonry
38:02 Treadmill Crane
38:55 Fletching
39:06 Padded Archer Armor
39:10 Scale Mail Armor
39:20 Forging
39:37 Bodkin Arrow
39:34 Elite Genoese Crossbowman
41:01 Silk Road
41:03 Conscription
40:51 Caravan
42:50 Bracer
43:06 Leather Archer Armor
51:06 Silk Road
51:08 Conscription
52:46 Ring Archer Armor
52:18 Scale Mail Armor
52:28 Forging
Sujeira BR
1:26 Loom
15:26 Feudal Age
15:52 Double-Bit Axe
26:59 Castle Age
27:54 Wheelbarrow
27:51 Bow Saw
27:42 Horse Collar
29:56 Hand Cart
33:58 Gold Mining
41:07 Imperial Age
40:35 Ballistas
41:03 Stone Mining
43:15 Conscription
43:30 Heavy Scorpion
45:57 Ballistics
46:38 Chemistry
45:24 Elite Centurion
46:24 Scale Barding Armor
46:26 Scale Mail Armor
46:32 Padded Archer Armor
46:28 Fletching
51:19 Chain Barding Armor
51:15 Chain Mail Armor
51:11 Forging
50:57 Bodkin Arrow
51:17 Leather Archer Armor
55:30 Capped Ram
58:33 Siege Ram
60:45 Man-at-Arms
61:31 Squires
61:48 Long Swordsman
63:04 Legionary
64:28 Comitatenses
SlonceG
0:46 Loom
12:04 Feudal Age
15:15 Scale Mail Armor
21:29 Castle Age
19:50 Double-Bit Axe
21:53 Wheelbarrow
26:11 Hand Cart
25:39 Pikeman
27:06 Fervor
27:58 Forging
35:22 Town Watch
36:47 Chain Mail Armor
37:07 Iron Casting
38:08 Iron Casting
37:35 Squires
39:15 Town Patrol
44:11 Imperial Age
42:30 Caravan
43:36 Wagenburg Tactics
44:35 Chemistry
43:57 Ballistics
46:04 Conscription
48:08 Fortified Wall
48:16 Halberdier
51:08 Plate Mail Armor
51:38 Blast Furnace
52:44 Siege Engineers
52:49 Horse Collar
53:29 Bow Saw
54:04 Houfnice
55:58 Coinage
55:38 Guilds
55:57 Treadmill Crane
57:55 Heavy Plow
58:58 Two-Man Saw
59:05 Hussite Reforms
58:42 Onager
61:07 Banking
71:01 Sanctity
70:51 Redemption
71:07 Illumination
71:17 Theocracy
71:00 Block Printing
70:13 Man-at-Arms
71:38 Masonry
Kadojc
0:44 Loom
13:30 Feudal Age
14:11 Double-Bit Axe
14:51 Town Watch
15:09 Horse Collar
17:53 Castle Age
17:22 Stone Mining
18:59 Gold Mining
19:14 Heavy Plow
19:29 Bow Saw
20:16 Heavy Plow
28:21 Wheelbarrow
30:07 Scale Barding Armor
30:14 Forging
30:35 Marauders
33:11 Imperial Age
31:27 Chain Barding Armor
31:49 Hand Cart
33:10 Iron Casting
32:56 Masonry
32:43 Murder Holes
33:22 Elite Tarkan
35:01 Plate Barding Armor
34:50 Guilds
35:11 Coinage
36:25 Chemistry
35:33 Sappers
37:32 Conscription
37:42 Careening
38:07 Pikeman
38:48 Squires
39:51 Blast Furnace
38:52 Scale Mail Armor
40:14 Halberdier
44:08 Chain Mail Armor
50:46 Light Cavalry
51:37 Bloodlines
59:11 Man-at-Arms
59:35 Hussar
60:51 Long Swordsman
64:54 Elite Tarkan
65:06 Two-Handed Swordsman
Khirs
0:31 Loom
19:08 Feudal Age
20:11 Double-Bit Axe
23:08 Horse Collar
23:32 Fletching
24:34 Man-at-Arms
31:25 Castle Age
30:04 Padded Archer Armor
30:29 Stone Mining
30:53 Scale Mail Armor
32:24 Elite Skirmisher
33:04 Bodkin Arrow
35:08 Gold Mining
36:22 Stone Shaft Mining
36:08 Heavy Plow
36:22 Bow Saw
36:48 Forging
42:33 Imperial Age
40:42 Wheelbarrow
40:26 Fortified Wall
40:15 Pikeman
43:39 Conscription
43:46 Ballistics
44:57 Iron Casting
44:45 Ironclad
44:33 Onager
46:24 Hand Cart
47:44 Chemistry
48:26 Halberdier
50:27 Elite Teutonic Knight
52:28 Blast Furnace
51:45 Chain Mail Armor
57:01 Masonry
56:59 Siege Engineers
58:51 Crop Rotation
59:28 Plate Mail Armor
62:30 Coinage
Johann Gustav
12:22 Feudal Age
23:30 Castle Age
23:39 Scale Barding Armor
27:00 Padded Archer Armor
28:44 Wheelbarrow
30:59 Pikeman
39:38 Imperial Age
40:03 Light Cavalry
42:00 Stirrups
42:28 Loom
43:10 Chain Barding Armor
47:23 Bloodlines
49:40 Elite Konnik
54:32 Heavy Scorpion
ichpieksdeimudda3
0:32 Loom
14:15 Feudal Age
19:11 Castle Age
17:26 Double-Bit Axe
18:10 Gold Mining
18:31 Stone Mining
21:14 Wheelbarrow
21:52 Bow Saw
24:27 Caravan
32:23 Imperial Age
30:38 Gold Shaft Mining
30:44 Hand Cart
30:50 Scale Barding Armor
30:54 Husbandry
31:05 Light Cavalry
31:58 Forging
32:08 Chain Barding Armor
32:13 Fortified Wall
32:22 Murder Holes
33:12 Iron Casting
33:24 Conscription
33:07 Chivalry
32:30 Cavalier
34:03 Plate Barding Armor
34:44 Blast Furnace
33:51 Scale Mail Armor
34:44 Paladin
36:42 Chain Mail Armor
BLONDYN
0:30 Loom
11:57 Feudal Age
12:24 Double-Bit Axe
15:29 Gold Mining
17:47 Stone Mining
20:02 Castle Age
19:40 Forging
21:00 Bow Saw
21:28 Gold Shaft Mining
23:03 Wheelbarrow
24:48 Caravan
26:35 Iron Casting
28:55 Hand Cart
29:08 Town Watch
30:33 Pikeman
31:13 Squires
32:53 Town Patrol
35:52 Imperial Age
33:58 Scale Barding Armor
33:54 Scale Mail Armor
33:45 Fletching
34:16 Husbandry
35:07 Chain Mail Armor
35:12 Chain Barding Armor
36:23 Chain Barding Armor
35:59 Bodkin Arrow
36:27 #83
37:09 Chivalry
37:29 Conscription
36:36 Cavalier
37:04 Arson
38:04 Murder Holes
38:30 Ballistics
39:11 Chemistry
38:21 Fortified Wall
40:04 Blast Furnace
39:34 Plate Mail Armor
40:35 Plate Barding Armor
39:25 Halberdier
41:04 Elite Throwing Axeman
42:20 Hoardings
43:18 Masonry
43:03 Paladin
56:10 Architecture
Connection lost

Rejoining the realm…

Still unreachable

The connection could not be restored.

Session expired

The server has moved on; the page needs a fresh start.